 Dungeon Crawl Stone Soup version 0.27.1-4-g1640c2035a (webtiles) character file.

Game seed: 10456222629669209154

784 DearestLeader the Covered (level 7, -6/56 HPs)
             Began as a Gnoll Wanderer on Nov 15, 2021.
             Mangled by a yak (13 damage)
             ... on level 5 of the Dungeon.
             The game lasted 00:11:49 (6998 turns).

DearestLeader the Covered (Gnoll Wanderer)          Turns: 6998, Time: 00:11:50

Health: -6/56      AC: 13    Str: 14    XL:     7   Next: 86%
Magic:  7/11       EV: 10    Int: 18    God:
Gold:   126        SH:  0    Dex: 13    Spells: 10/11 levels left

rFire    . . .     SeeInvis .   z - +3 hand axe (freeze)
rCold    . . .     Faith    .   (no shield)
rNeg     . . .     Spirit   .   d - +2 scale mail
rPois    .         Reflect  .   v - +2 helmet {Int+3}
rElec    .         Harm     .   m - +0 cloak
rCorr    +         Rampage  .   (no gloves)
Will     .....                  (no boots)
Stlth    +.........             (no amulet)
HPRegen  0.18/turn              i - ring of resist corrosion
MPRegen  0.12/turn              q - +6 ring of intelligence

@: about to teleport, very slightly contaminated
A: fangs 1, strong nose, distributed training
a: no special abilities


You were on level 5 of the Dungeon.
You visited 1 branch of the dungeon, and saw 5 of its levels.
You also visited: Sewer.

You collected 288 gold pieces.
You spent 162 gold pieces at shops.

Inventory:

Hand Weapons
 a - a +0 shortbow
 u - a +1 dagger of flaming
 y - a +0 war axe
 z - a +3 hand axe of freezing (weapon)
Missiles
 h - 20 poisoned darts (quivered)
Armour
 d - a +2 scale mail (worn)
 m - a +0 cloak (worn)
 v - a +2 helmet of intelligence (worn)
Magical Staves
 f - a staff of death
Jewellery
 i - a ring of resist corrosion (left hand)
 q - a +6 ring of intelligence (right hand)
Wands
 r - a wand of iceblast (9)
Scrolls
 e - 4 scrolls of enchant armour
 g - a scroll of torment {unknown}
 l - 3 scrolls of teleportation
 n - 2 scrolls of fear {unknown}
 s - 3 scrolls of identify
 t - a scroll of acquirement {unknown}
 A - a scroll of enchant weapon {unknown}
Potions
 b - 2 potions of curing
 c - 3 potions of lignification
 j - a potion of magic {unknown}
 k - 2 potions of haste {unknown}
 o - a potion of berserk rage {unknown}
 p - a potion of heal wounds {unknown}
 w - a potion of brilliance {unknown}
 x - a potion of flight {unknown}
 B - a potion of resistance {unknown}


   Skills:
 + Level 5.4 Fighting
 + Level 2.7 Short Blades
 + Level 3.8 Long Blades
 + Level 5.4 Axes
 + Level 2.7 Maces & Flails
 + Level 2.7 Polearms
 + Level 2.7 Staves
 + Level 2.7 Slings
 + Level 2.7 Bows
 + Level 2.7 Crossbows
 + Level 2.7 Throwing
 + Level 5.4 Armour
 + Level 2.7 Dodging
 + Level 3.6 Stealth
 + Level 3.8 Shields
 + Level 2.7 Unarmed Combat
 + Level 2.7 Spellcasting
 + Level 2.2 Conjurations
 + Level 2.2 Hexes
 + Level 2.2 Summonings
 + Level 2.2 Necromancy
 + Level 2.2 Translocations
 + Level 2.2 Transmutations
 + Level 2.2 Fire Magic
 + Level 2.2 Ice Magic
 + Level 2.2 Air Magic
 + Level 2.2 Earth Magic
 + Level 2.2 Poison Magic
 + Level 3.0 Invocations
 + Level 3.8 Evocations


You had 10 spell levels left.
You knew the following spells:

 Your Spells              Type           Power      Damage    Failure   Level
a - Sting                 Tmut/Pois      40%        1d5       26%         1

Your spell library contained the following spells:

 Spells                   Type           Power      Damage    Failure   Level
 Magic Dart               Conj           40%        1d5       26%         1
 Call Imp                 Summ           10%        N/A       36%         2
 Poisonous Vapours        Pois/Air       20%        N/A       36%         2
 Searing Ray              Conj           20%        3d3       36%         2
 Mephitic Cloud           Conj/Pois/Air  10%        N/A       58%         3
 Tukima's Dance           Hex            10%        N/A       58%         3
 Fulminant Prism          Conj/Hex       5%         3d7       94%         4
 Olgreb's Toxic Radiance  Pois           10%        N/A       94%         4
 Passage of Golubria      Tloc           N/A        N/A       94%         4
 Yara's Violent Unravell  Hex/Tmut       5%         3d4       100%        5


Dungeon Overview and Level Annotations

Branches:
Dungeon (5/15)              Sewer (visited)
 Temple: D:4-7

Altars:
Hepliaklqana
Sif Muna

Shops:
D:4 (

Annotations:
D:5 1 runed translucent door, Fulminus's ghost, novice DjWz


Innate Abilities, Weirdness & Mutations

You have very sharp teeth.
Your uncanny sense of smell can sniff out nearby items.
Your experience applies equally to all skills.


Message History

Press: ? - help, Shift-Dir - straight line, f/p - yak
Aim: a yak (moderately wounded, 81% to hit)
The sting hits the yak but does no damage.
The yak is poisoned.
The yak is moderately wounded.
The yak gores you.
Casting: Sting (safe; 28% risk of failure)
Confirm with . or Enter, or press ? or * to list all spells.
Aiming: Sting (safe; 28% risk of failure)
Press: ? - help, Shift-Dir - straight line, f/p - yak
Aim: a yak (moderately wounded, poisoned, 81% to hit)
The sting hits the yak.
The yak looks even sicker.
The yak is heavily wounded.
The yak closely misses you.
You see here a +0 morningstar.
Items here: )) [[.
You hit the yak. You freeze the yak.
The yak is almost dead.
You hit the yak. You freeze the yak.
You kill the yak!
You hit the yak but do no damage.
Your Invocations skill increases to level 3!
Unknown command.
Casting: Sting (safe; 26% risk of failure)
Confirm with . or Enter, or press ? or * to list all spells.
Aiming: Sting (safe; 26% risk of failure)
Press: ? - help, Shift-Dir - straight line, f/p - yak
Aim: a yak (heavily wounded, poisoned, 83% to hit)
You miscast Sting.
You are very lightly contaminated with residual magic.
Nothing appears to happen.
The yak misses you.
You hit the yak. You freeze the yak.
The yak is severely wounded.
You hit the yak. You freeze the yak. The yak gores you! x2
* * * LOW HITPOINT WARNING * * *
Unknown command.
Okay, then.
As you read the scroll of teleportation, it crumbles to dust.
You feel strangely unstable. The yak closely misses you. The yak gores you!
You die...

# ##...## #######.. ##
##.###.## .#####.## ##.## ###
##. ......## ##.# #.. ....#
.####.# #.# #.##.##.### ##
#.## ##.####.......... #
##.## ##.....#..#....... #
##.###.#.##Y#.^..##.#.. #####
##...##.##@YJ........# ....##
######.####.......#.. ###..##
#.................. #⌠##..##
#............##.## # #
...##..###...#####.....#.##.#
# ....##..###.###
#........#.###∆#
!♣!.⌠#....#.†.#
##.....#...#.. #
....##.##.###.# ###.#...#.#.#
# ...##..##.# #.# #.#.....#.#
#


You could see 2 yaks and a jelly.

Vanquished Creatures
  A yak (D:5)
  A bullfrog (Sewer)
  A scorpion (D:5)
  2 orc priests
  2 hounds
  An iguana (D:4)
  A hound skeleton (D:4)
  Robin (D:3)
  18 adders
  3 adder skeletons
  2 worms
  3 dart slugs
  9 orcs
  13 ball pythons
  12 bats
  16 endoplasms
  9 giant cockroaches
  10 hobgoblins
  8 jackals
  18 quokkas
  13 frilled lizards
  11 goblins
  10 kobolds
  4 rats
169 creatures vanquished.

Vanquished Creatures (others)
  4 bushes (D:3)
  A plant (D:3)
5 creatures vanquished.

Grand Total: 174 creatures vanquished

Notes
Turn   | Place    | Note
-------+----------+-------------------------------------------
     0 | D:1      | DearestLeader the Gnoll Wanderer began the quest for the
                  | Orb.
     0 | D:1      | DearestLeader set off with the following items: a +0
                  | dagger, a potion of curing, a potion of lignification, a +2
                  | scale mail
     0 | D:1      | Reached XP level 1. HP: 20/20 MP: 1/1
   383 | D:1      | Found a faded altar of an unknown god.
   392 | D:1      | Reached XP level 2. HP: 24/26 MP: 2/2
  1180 | D:1      | Reached XP level 3. HP: 24/31 MP: 3/3
  1401 | D:2      | Reached skill level 1 in Invocations
  1855 | D:2      | Reached skill level 1 in Short Blades
  1855 | D:2      | Reached skill level 1 in Maces & Flails
  1855 | D:2      | Reached skill level 1 in Polearms
  1855 | D:2      | Reached skill level 1 in Staves
  1855 | D:2      | Reached skill level 1 in Slings
  1855 | D:2      | Reached skill level 1 in Bows
  1855 | D:2      | Reached skill level 1 in Crossbows
  1855 | D:2      | Reached skill level 1 in Throwing
  1855 | D:2      | Reached skill level 1 in Dodging
  1855 | D:2      | Reached skill level 1 in Unarmed Combat
  1855 | D:2      | Reached skill level 1 in Spellcasting
  2078 | D:2      | Reached XP level 4. HP: 37/38 MP: 5/5
  2638 | D:3      | Reached skill level 1 in Conjurations
  2638 | D:3      | Reached skill level 1 in Hexes
  2638 | D:3      | Reached skill level 1 in Summonings
  2638 | D:3      | Reached skill level 1 in Necromancy
  2638 | D:3      | Reached skill level 1 in Translocations
  2638 | D:3      | Reached skill level 1 in Transmutations
  2638 | D:3      | Reached skill level 1 in Fire Magic
  2638 | D:3      | Reached skill level 1 in Ice Magic
  2638 | D:3      | Reached skill level 1 in Air Magic
  2638 | D:3      | Reached skill level 1 in Earth Magic
  2638 | D:3      | Reached skill level 1 in Poison Magic
  2690 | D:3      | Found a glowing drain.
  2758 | Sewer    | Entered a sewer
  3174 | Sewer    | Reached XP level 5. HP: 40/43 MP: 5/7
  3837 | Sewer    | Reached XP level 6. HP: 31/50 MP: 8/8
  4143 | D:3      | Noticed Robin
  4190 | D:3      | Killed Robin
  4191 | D:3      | Reached skill level 5 in Fighting
  4191 | D:3      | Reached skill level 5 in Axes
  4191 | D:3      | Reached skill level 5 in Armour
  4897 | D:4      | Found a hazy altar of Hepliaklqana.
  4912 | D:4      | Learned a level 1 spell: Sting
  5035 | D:4      | Found Kiuceet's Antique Weapon Shop.
  5044 | D:4      | Bought a glowing hand axe for 162 gold pieces
  5103 | D:4      | Found a shimmering blue altar of Sif Muna.
  5621 | D:4      | Reached XP level 7. HP: 56/56 MP: 10/10
  5992 | D:5      | Entered Level 5 of the Dungeon
  6026 | D:5      | Found a runed translucent door.
  6028 | D:5      | Noticed Fulminus's ghost (novice DjWz)
  6957 | D:5      | Noticed a yak
  6957 | D:5      | Noticed a yak
  6957 | D:5      | Noticed a yak
  6995 | D:5      | Killed a yak
  6998 | D:5      | Mangled by a yak

Illustrated notes

Levels and vault maps discovered:
D:1:      dpeg_arrival_radiant, layout_loops_corners,
          hellmonk_ecumenical_altar_crossroads
D:2:      layout_loops_ring, kennysheep_nub, st_stairs_6, minmay_crystal_room
D:3:      layout_loops_cross, portal_sewer_entry_d, serial_forest,
          infiniplex_forest_clump_long, infiniplex_forest_zigzag_1,
          infiniplex_forest_clump_cross, infiniplex_forest_clump_small,
          infiniplex_forest_straight_4, infiniplex_forest_end_2,
          minmay_hedge_maze, uniq_robin
D:4:      layout_basic, mainiacjoe_overflow_paths, lemuel_round_altar,
          serial_shops, shop, hangedman_decor_clover_reticule,
          kennysheep_windowed_goal
D:5:      layout_loops_ring, serial_glass, glass_columns_b, glass_columns_b,
          glass_columns_c, glass_columns_a, hellmonk_ghost_happy_afterlife,
          hangedman_decor_points

Skill      XL: |  1  2  3  4  5  6  7 |
---------------+----------------------+-----
Invocations    | 1 2 3 |  3.0
Short Blades   | 1 2 |  2.7
Maces & Flails | 1 2 |  2.7
Polearms       | 1 2 |  2.7
Staves         | 1 2 |  2.7
Slings         | 1 2 |  2.7
Bows           | 1 2 |  2.7
Crossbows      | 1 2 |  2.7
Throwing       | 1 2 |  2.7
Dodging        | 1 2 |  2.7
Unarmed Combat | 1 2 |  2.7
Spellcasting   | 1 2 |  2.7
Conjurations   | 1 2 |  2.2
Hexes          | 1 2 |  2.2
Summonings     | 1 2 |  2.2
Necromancy     | 1 2 |  2.2
Translocations | 1 2 |  2.2
Transmutations | 1 2 |  2.2
Fire Magic     | 1 2 |  2.2
Ice Magic      | 1 2 |  2.2
Air Magic      | 1 2 |  2.2
Earth Magic    | 1 2 |  2.2
Poison Magic   | 1 2 |  2.2
Long Blades    | 3 |  3.8
Shields        | 3 |  3.8
Evocations     | 3 |  3.8
Stealth        | 3 |  3.6
Fighting       | 5 |  5.4
Axes           | 5 |  5.4
Armour         | 5 |  5.4

Action                   |  1- 3 |  4- 6 |  7- 9 || total
-------------------------+-------+-------+-------++-------
Melee: Dagger            |    49 |   425 |       ||   474
       Whip              |    10 |       |       ||    10
       Bite              |     7 |    39 |     8 ||    54
       Hand axe          |   114 |    35 |    82 ||   231
       Punch             |       |     6 |     2 ||     8
 Cast: Sting             |       |     1 |     4 ||     5
  Use: Scroll            |       |     3 |     1 ||     4
Armor: Scale mail        |   121 |   232 |    44 ||   397
Dodge: Dodged            |    97 |   216 |    32 ||   345
